 Dungeon Crawl Stone Soup version 0.32-a0-673-g3729bd50f8 (webtiles) character file.

Game seed: 17246314196724188130

326 ASSMAN the Ruffian (level 6, -1/51 HPs)
             Began as a Draconian Berserker on Mar 10, 2024.
             Was a Believer of Trog.
             Slain by Pikel
             ... wielding a +1 whip of flaming
              (10 damage)
             ... on level 4 of the Dungeon.
             The game lasted 00:02:39 (2272 turns).

ASSMAN the Ruffian (Draconian Berserker)            Turns: 2272, Time: 00:02:40

Health: -1/51      AC:  7    Str: 22    XL:     6   Next: 24%
Magic:  6/6        EV: 12    Int:  7    God:    Trog [**....]
Gold:   188        SH:  0    Dex: 10    Spells: 5/5 levels left

rFire   . .          .
                       - Unarmed
rCold   . . .        (no shield)
rNeg    . . .        (body armour unavailable)
rPois   .            (helmet restricted)
rElec   .            (no cloak)
rCorr   .            n - +0 pair of gloves
SInv    .            (no boots)
Will    .....        (no amulet)
Stlth   +            (no ring)
HPRegen 0.28/turn    (no ring)
MPRegen 0.10/turn

%: no passive effects
@: on berserk cooldown, slowed, very slow
A: AC +6, unfitting armour, cold-blooded
a: Renounce Religion, Berserk, Trog's Hand


You were on level 4 of the Dungeon.
You worshipped Trog.
Trog was pleased with you.
You visited 1 branch of the dungeon, and saw 4 of its levels.

You collected 188 gold pieces.

Inventory:

Armour
 n - a +0 pair of gloves (worn)
Scrolls
 f - a scroll of blinking
 g - 3 scrolls of identify {unknown}
 h - a scroll of revelation {unknown}
 i - 3 scrolls of enchant armour {unknown}
 l - 3 scrolls of teleportation {unknown}
 m - a scroll of vulnerability {unknown}
Potions
 a - a potion of mutation {unknown}
 b - a potion of brilliance {unknown}
 c - a potion of lignification {unknown}
 d - a potion of ambrosia {unknown}
 e - a potion of curing {unknown}
 j - a potion of heal wounds {unknown}
 k - a potion of degeneration {unknown}


   Skills:
 - Level 3.2 Fighting
 - Level 2.6 Dodging
 + Level 7.1 Unarmed Combat


You had 5 spell levels left.
You didn't know any spells.
Your spell library was empty.

Dungeon Overview and Level Annotations

Branches:
Dungeon (4/15)
 Temple: D:4-7

Altars:
Ru
Yredelemnul

Annotations:
D:4 Pikel


Innate Abilities, Weirdness & Mutations

Your plain brown scales are hard. (AC +6)
You cannot fit into any form of body armour.
You are cold-blooded and may be slowed by cold attacks.


Message History

The lemure hits you.
You punch the lemure!
You kill the lemure!
That felt strangely unrewarding.
Pikel barely misses you.
You closely miss Pikel. You hit Pikel.
Pikel is lightly wounded.
Pikel closely misses you.
You punch Pikel!
Pikel is moderately wounded.
You barely miss Pikel.
Your tail-slap misses Pikel.
Pikel is moderately wounded.
Pikel hits you with a +1 whip of flaming!
Pikel burns you.
You completely miss Pikel.
Pikel is moderately wounded.
Pikel hits you with a +1 whip of flaming!
Pikel burns you.
You closely miss Pikel. You punch Pikel!
Pikel is severely wounded.
You are no longer berserk.
You are exhausted.
You feel yourself slow down.
You hit Pikel.
Your tail-slap misses Pikel.
Pikel is severely wounded.
Pikel hits you with a +1 whip of flaming.
Pikel burns you. Pikel misses you.
You barely miss Pikel.
Your tail-slap misses Pikel.
Pikel is severely wounded.
Pikel hits you with a +1 whip of flaming!
* * * LOW HITPOINT WARNING * * *
Pikel burns you.
* * * LOW HITPOINT WARNING * * *
You hit Pikel but do no damage.
Pikel is severely wounded.
Pikel cracks his whip.
Pikel hits you with a +1 whip of flaming!
You die...
Pikel says, "See you in Hell!"

. .. ... ####
.......
#.<##..............
#..................
#.#...............
#@##..............
#K.#..............
##................
#.....##...(.....
#....).$.........
.......##.........
..##.....##.........
#..
.......###...:....
##
.#..............#.


You could see Pikel.

Vanquished Creatures
  4 lemures (D:4)
  A scorpion (D:4)
  A bombardier beetle (D:3)
  Terence (D:2)
  2 iguanas (D:4)
  4 gnolls
  5 adders
  A dart slug (D:2)
  2 ribbon worms (D:2)
  2 orcs
  3 ball pythons
  7 endoplasms
  A giant cockroach (D:1)
  4 goblins
  7 hobgoblins
  3 jackals (D:1)
  3 quokkas
  4 bats
  5 frilled lizards
  8 kobolds
  A rat (D:3)
69 creatures vanquished.

Notes
Turn   | Place    | Note
-------+----------+-------------------------------------------
     0 | D:1      | ASSMAN the Draconian Berserker began the quest for the Orb.
     0 | D:1      | Reached XP level 1. HP: 19/19 MP: 1/1
   124 | D:1      | Reached XP level 2. HP: 11/26 MP: 2/2
   332 | D:1      | Reached skill level 4 in Unarmed Combat
   426 | D:1      | Reached ** piety under Trog
   502 | D:1      | Reached XP level 3. HP: 31/31 MP: 3/3
  1041 | D:2      | Reached skill level 5 in Unarmed Combat
  1041 | D:2      | Reached XP level 4. HP: 38/38 MP: 4/4
  1112 | D:2      | Found a basalt altar of Yredelemnul.
  1351 | D:2      | Noticed Terence
  1355 | D:2      | Killed Terence
  1356 | D:2      | Reached XP level 5. HP: 45/45 MP: 5/5
  1667 | D:3      | Found a sacrificial altar of Ru.
  1676 | D:3      | Reached skill level 6 in Unarmed Combat
  2086 | D:4      | Reached XP level 6. HP: 42/51 MP: 6/6
  2135 | D:4      | Reached skill level 7 in Unarmed Combat
  2231 | D:4      | Noticed Pikel
  2272 | D:4      | Slain by Pikel

Illustrated notes

Levels and vault maps discovered:
D:1:      nzn_arrival_settlement, layout_loops_ring
D:2:      layout_basic, basic_altar, roderic_roman_lattice,
          nicolae_figureground_pulse, uniq_terence
D:3:      layout_loops_ring, nicolae_ru_great_annihilating_truth,
          minmay_bisected
D:4:      layout_rooms, uniq_pikel

Skill      XL: |  1  2  3  4  5  6 |
---------------+-------------------+-----
Unarmed Combat | 4 5 6 7 |  7.1
Fighting       | |  3.2
Dodging        | |  2.6

Action                     |  1- 3 |  4- 6 || total
---------------------------+-------+-------++-------
  Melee: Unarmed           |   104 |   115 ||   219
         Tailslap          |     9 |     6 ||    15
         Punch             |     1 |     4 ||     5
 Invoke: Berserk           |       |     3 ||     3
    Use: Scroll            |       |     2 ||     2
   Stab: Sleeping          |     1 |       ||     1
         Paralysed         |       |     2 ||     2
 Armour: Skin              |    48 |    67 ||   115
  Dodge: Dodged            |    47 |    60 ||   107

Table legend: (Time is in decaauts)
 A = Elapsed time spent in this place.
 B = Non-inter-level travel time spent in this place.
 C = Inter-level travel time spent in this place.
 D = Time resting spent in this place.
 E = Time spent auto-exploring this place.
 F = Levels seen in this place.
 G = Mean time per level.
                   A        B        C        D        E       F      G
               +--------+--------+--------+--------+--------+-----+--------+
         Total |   2265 |   2171 |     94 |      2 |   1736 |   4 |  566.2 |
       Dungeon |   2265 |   2171 |     94 |      2 |   1736 |   4 |  566.2 |
               +--------+--------+--------+--------+--------+-----+--------+

Top non-repeatable levels by time:
     D:1: 886 daAuts
     D:2: 602 daAuts
     D:3: 549 daAuts
     D:4: 227 daAuts
